AoeStats
← Griff

Arabia

509778284Analyzed
1v1 RM · 3d ago on Sep 28, 2026· 64m 6s· 2 players
Game mode
Random Map
Map size
Tiny (2 player)
Population
200
Speed
Normal
Resources
Standard
Victory
Conquest
Starting age
Dark Age
Ending age
Imperial Age
RankedLock teamsTeams togetherTeam positionsShared explorationLock speedFull tech treeHidden civsTurbo modeCheats
Victory
Defeat
🇧🇷 Burmese · Brazil
1348
+15
🇨🇴 Danes · Colombia
1327
-15
Camo
7:02 Loom
9:21 Feudal Age
9:30 Man-at-Arms
9:56 Arson
10:56 Double-Bit Axe
20:38 Castle Age
18:38 Horse Collar
19:06 Fletching
20:19 Gold Mining
20:31 Scale Mail Armor
22:05 Chain Mail Armor
22:01 Gambesons
22:47 Squires
25:26 Bow Saw
26:46 Forging
27:27 Bodkin Arrow
30:52 Town Watch
33:32 Fervor
33:33 Stone Mining
34:44 Ballistics
36:30 Wheelbarrow
36:37 Masonry
36:50 Devotion
38:59 Elite Skirmisher
43:02 Imperial Age
40:58 Padded Archer Armor
42:10 Sanctity
41:47 Hamask
44:07 Conscription
43:33 Elite Varangian Guard
45:22 Bracer
46:42 Chemistry
47:44 Murder Holes
48:30 Hand Cart
48:38 Heavy Scorpion
50:42 Hoardings
51:01 Plate Mail Armor
51:34 Iron Casting
51:12 Elite Jomsviking
55:52 Siege Engineers
59:51 Blast Furnace
59:07 Leather Archer Armor
61:04 Pikeman
Griff
7:02 Loom
9:39 Feudal Age
10:19 Man-at-Arms
16:53 Fletching
19:28 Wheelbarrow
22:41 Castle Age
21:27 Scale Mail Armor
22:08 Forging
22:15 Arson
22:46 Long Swordsman
23:12 Gambesons
23:28 Squires
23:44 Gold Mining
24:31 Chain Mail Armor
34:25 Bloodlines
35:26 Scale Barding Armor
35:56 Iron Casting
35:30 Stone Mining
35:21 Horse Collar
36:59 Bodkin Arrow
38:46 Chain Barding Armor
40:38 Padded Archer Armor
45:32 Imperial Age
44:09 Arson
45:46 Two-Handed Swordsman
46:57 Plate Mail Armor
48:55 Champion
50:57 Blast Furnace
51:03 Bracer
50:43 Light Cavalry
52:39 Light Cavalry
53:20 Husbandry
57:35 Chemistry
56:32 Hussar
59:23 Town Watch
59:53 Hand Cart
59:41 Elite Battle Elephant
61:10 Gold Shaft Mining
60:39 Heavy Plow
64:46 Town Patrol
Connection lost

Rejoining the realm…

Still unreachable

The connection could not be restored.

Session expired

The server has moved on; the page needs a fresh start.